 Dungeon Crawl Stone Soup version 0.31-a0-844-gdc52ec4e09 (webtiles) character file.

Game seed: 17353005327917177282

67 BinkBink the Insei (level 4, 0/33 HPs)
             Began as a Djinni Shapeshifter on Sept 30, 2023.
             Slain by an orc
             ... wielding a +1 hand axe of freezing
              (5 damage)
             ... on level 3 of the Dungeon.
             The game lasted 00:03:48 (1850 turns).

BinkBink the Insei (Djinni Shapeshifter)            Turns: 1850, Time: 00:03:49

Health: 0/33       AC:  2    Str: 13    XL:     4   Next: 38%
Gold:   182        EV: 12    Int: 12    God:
                   SH:  0    Dex: 14

rFire   + +          .
                       - Unarmed
rCold   x . .        (no shield)
rNeg    . . .        a - +0 animal skin
rPois   ∞            (helmet currently unavailable)
rElec   .            (cloak currently unavailable)
rCorr   .            (gloves currently unavailable)
SInv    .            (boots unavailable)
Will    .....        (no amulet)
Stlth   +            (no ring)
HPRegen 0.25/turn    (no ring)
MPRegen 0.00/turn

%: infuse magic (-1 HP)
@: beast-form, flying
A: beast (slay +1), flying, sickness immunity, fire resistance 2, cold
vulnerability 1, float, innate caster, HP casting, extra vitality 1
a: Begin Untransformation


You were on level 3 of the Dungeon.
You were a hulking beast.
You visited 1 branch of the dungeon, and saw 3 of its levels.

You collected 182 gold pieces.

Inventory:

Hand Weapons
 o - a +3 dagger of venom
Armour
 a - a +0 animal skin (worn)
 j - a +1 pair of gloves
Talismans
 c - a beast talisman (active)
 d - a flux talisman
Scrolls
 e - 7 scrolls of identify {unknown}
 f - 2 scrolls of teleportation {unknown}
 g - 2 scrolls of vulnerability {unknown}
 i - a scroll of immolation {unknown}
Potions
 b - a potion of lignification
 h - a potion of haste {unknown}
 k - a potion of heal wounds {unknown}
 l - a potion of brilliance {unknown}
 m - a potion of might {unknown}
 n - 2 potions of cancellation {unknown}


   Skills:
 + Level 1.8 Fighting
 + Level 2.8 Dodging
 + Level 3.4 Unarmed Combat
 + Level 0.5 Spellcasting
 + Level 0.5 Conjurations
 + Level 0.5 Hexes
   Level 0.0 Charms
 + Level 0.5 Summonings
 + Level 0.5 Necromancy
 + Level 0.5 Translocations
 + Level 0.5 Transmutations
 + Level 0.5 Fire Magic
 + Level 0.5 Ice Magic
 + Level 0.5 Air Magic
 + Level 0.5 Earth Magic
 + Level 0.5 Poison Magic
 + Level 3.0 Shapeshifting


You knew the following spells:

 Your Spells              Type           Power      Damage    Failure   Level
a - Foxfire               Conj/Fire      4%         2x1d4     26%         1
Your spell library was empty.

Dungeon Overview and Level Annotations

Branches:
Dungeon (3/15)

Altars:

Shops:
D:2 [


Innate Abilities, Weirdness & Mutations

You are a hulking beast.
Your limbs bulge with bestial killing power. (Slay +1)
You are flying.
You are immune to sickness and miasma.
You are immune to poison.
Your flesh is very heat resistant. (rF++)
You are vulnerable to cold. (rC-)
You float through the air rather than walking.
You learn spells naturally, not from books.
Your magical power is your life essence.
You have superior vitality. (+4 MHP)


Message History

An orc comes into view. It is wielding a +0 hand axe.
The orc moves out of view.
An orc comes into view.
It is wielding a +1 hand axe of freezing.
An orc comes into view. It is wielding a +0 hand axe.
The orc shouts! x2; You hear a shout!
A goblin comes into view. It is wielding a +0 dagger.
The goblin shouts!
You closely miss the orc. The orc hits you with a +0 hand axe.
You closely miss the orc. The orc hits you with a +0 hand axe.
An orc comes into view. It is wielding a +0 flail.
You completely miss the orc. The orc hits you with a +0 hand axe.
You hit the orc but do no damage. The orc barely misses you.
You hit the orc.
The orc is heavily wounded.
The orc barely misses you.
The orc shouts!
You hit the orc.
You kill the orc!
You hear a shout!
You completely miss the orc. The orc misses you.
You barely miss the orc. The orc misses you.
You hit the orc.
The orc is moderately wounded.
The orc barely misses you.
You closely miss the orc.
The orc is moderately wounded.
The orc hits you with a +1 hand axe of freezing!
The orc freezes you.
You are too injured to fight recklessly!
You are too injured to fight recklessly!
You barely miss the orc.
The orc is moderately wounded.
The orc hits you with a +1 hand axe of freezing.
* * * LOW HITPOINT WARNING * * *
The orc freezes you.
* * * LOW HITPOINT WARNING * * *
The orc attacks as it pursues you! The orc barely misses you.
The orc attacks as it pursues you!
The orc hits you with a +1 hand axe of freezing.
You die...

###......<.....#
#......#....####
#.#.##.#.#### #.#........#
# #..oo#.#.######
####g#.#......# ##
#.#.#......# #.
#o#.#...<..# ####.
#.h........# ##....
#..........###..†..
#..........#....#..
#####.....##....#..
#.....#>.'....#.#
##########.#.######....#.#
#..........#.....#####.#.#
#.##############.#####.#.#
#.##.........# #.........#


You could see 3 orcs and a goblin.

Vanquished Creatures
  3 adders (D:2)
  A worm (D:3)
  An orc (D:3)
  4 ball pythons
  2 endoplasms (D:1)
  2 giant cockroaches (D:2)
  3 goblins
  3 hobgoblins
  6 jackals
  A quokka (D:2)
  2 bats
  2 frilled lizards
  2 kobolds (D:2)
  2 rats
34 creatures vanquished.

Vanquished Creatures (others)
  An endoplasm (D:1)
  A bat (D:1)
2 creatures vanquished.

Grand Total: 36 creatures vanquished

Notes
Turn   | Place    | Note
-------+----------+-------------------------------------------
     0 | D:1      | BinkBink the Djinni Shapeshifter began the quest for the
                  | Orb.
     0 | D:1      | Reached XP level 1. HP: 17/17 MP: 0/0
   332 | D:1      | Reached XP level 2. HP: 22/22 MP: 0/0
   891 | D:2      | Found a faded altar of an unknown god.
   899 | D:2      | Reached XP level 3. HP: 16/27 MP: 0/0
   899 | D:2      | Learned a level 1 spell: Foxfire
   946 | D:2      | Found Ybiklat's Armour Emporium.
  1419 | D:2      | Reached XP level 4. HP: 30/33 MP: 0/0
  1850 | D:3      | Slain by an orc

Illustrated notes

Levels and vault maps discovered:
D:1:      eino_arrival_water_star, layout_basic, lemuel_flame_loot_1
D:2:      layout_loops_ring, ebering_ecumenical_altar_webs, serial_shops,
          shop_fountains
D:3:      layout_basic, lemuel_round_altar, minmay_hedge_maze

Skill      XL: |  1  2  3 |
---------------+----------+-----
Shapeshifting  | 3 |  3.0
Fighting       | |  1.8
Dodging        | |  2.8
Unarmed Combat | |  3.4
Spellcasting   | |  0.5
Conjurations   | |  0.5
Hexes          | |  0.5
Summonings     | |  0.5
Necromancy     | |  0.5
Translocations | |  0.5
Transmutations | |  0.5
Fire Magic     | |  0.5
Ice Magic      | |  0.5
Air Magic      | |  0.5
Earth Magic    | |  0.5
Poison Magic   | |  0.5

Action                     |  1- 3 |  4- 6 || total
---------------------------+-------+-------++-------
  Melee: Unarmed           |    96 |    48 ||   144
         Punch             |     1 |     1 ||     2
   Stab: Sleeping          |     5 |     1 ||     6
 Armour: Animal skin       |    51 |    17 ||    68
  Dodge: Dodged            |    53 |    19 ||    72

Table legend: (Time is in decaauts)
 A = Elapsed time spent in this place.
 B = Non-inter-level travel time spent in this place.
 C = Inter-level travel time spent in this place.
 D = Time resting spent in this place.
 E = Time spent auto-exploring this place.
 F = Levels seen in this place.
 G = Mean time per level.
                   A        B        C        D        E       F      G
               +--------+--------+--------+--------+--------+-----+--------+
         Total |   1841 |   1737 |    104 |     47 |   1347 |   3 |  613.7 |
       Dungeon |   1841 |   1737 |    104 |     47 |   1347 |   3 |  613.7 |
               +--------+--------+--------+--------+--------+-----+--------+

Top non-repeatable levels by time:
     D:2: 850 daAuts
     D:1: 772 daAuts
     D:3: 217 daAuts
